 Dungeon Crawl Stone Soup version 0.30.1 (webtiles) character file.

Game seed: 602296096698265647

338 safid the Chiller (level 6, -2/48 HPs)
             Began as a Merfolk Ice Elementalist on July 13, 2023.
             Slain by a scorpion (4 damage)
             ... on level 4 of the Dungeon.
             The game lasted 00:05:46 (3435 turns).

safid the Chiller (Merfolk Ice Elementalist)        Turns: 3435, Time: 00:05:47

Health: -2/48      AC:  8    Str:  5 (8)  XL:     6   Next: 55%
Magic:  3/11       EV: 12    Int: 15 (17) God:
Gold:   158        SH:  0    Dex: 12 (14) Spells: 3/12 levels left

rFire   . . .        w - +1 whip (elec)
rCold   + . .        (no shield)
rNeg    . . .        a - +0 robe
rPois   .            (no helmet)
rElec   .            (no cloak)
rCorr   .            (no gloves)
SInv    .            (no boots)
Will    .....        j - amulet of the acrobat
Stlth   ++           t - ring of protection from cold
HPRegen 0.28/turn    (no ring)
MPRegen 0.12/turn

%: acrobat
@: lethally poisoned (-2 -> -4), ice-armoured, attractive
A: (nimble swimmer 2), mertail
a: no special abilities


You were on level 4 of the Dungeon.
You visited 1 branch of the dungeon, and saw 4 of its levels.

You collected 279 gold pieces.
You spent 121 gold pieces at shops.

Inventory:

Hand Weapons
 w - a +1 whip of electrocution (weapon)
Armour
 a - a +0 robe (worn)
Jewellery
 j - an amulet of the acrobat (around neck)
 t - a ring of protection from cold (left hand)
Scrolls
 c - 2 scrolls of vulnerability {unknown}
 d - 2 scrolls of butterflies {unknown}
 e - a scroll of torment {unknown}
 g - a scroll of teleportation {unknown}
 h - 5 scrolls of identify
 i - 2 scrolls of enchant weapon {unknown}
 l - a scroll of fog {unknown}
 m - 2 scrolls of blinking {unknown}
 n - a scroll of acquirement {unknown}
 q - a scroll of fear
 s - a scroll of silence {unknown}
Potions
 b - a potion of magic
 f - a potion of cancellation {unknown}
 k - a potion of might {unknown}
 r - a potion of attraction
 u - a potion of resistance {unknown}
 v - a potion of curing {unknown}


   Skills:
 + Level 3.7 Fighting
 + Level 3.0 Dodging
 - Level 2.1 Stealth
 + Level 3.8 Spellcasting
 + Level 0.3 Translocations
 + Level 5.9 Ice Magic


You had 3 spell levels left.
You knew the following spells:

 Your Spells              Type           Power      Damage    Failure   Level
a - Freeze                Ice            80%        1d9       1%          1
b - Frozen Ramparts       Ice            40%        1d7       4%          3
c - Ozocubu's Armour      Ice            20%        N/A       4%          3
d - Blink                 Tloc           6%         N/A       24%         2

Your spell library contained the following spells:

 Spells                   Type           Power      Damage    Failure   Level
 Lesser Beckoning         Tloc           6%         N/A       24%         2
 Momentum Strike          Conj/Tloc      6%         3d8       26%         2
 Stone Arrow              Conj/Erth      4%         3d7       50%         3
 Summon Ice Beast         Ice/Summ       11%        N/A       47%         4
 Animate Armour           Summ/Erth      4%         N/A       88%         4
 Lehudib's Crystal Spear  Conj/Erth      1%         10d2      100%        8


Dungeon Overview and Level Annotations

Branches:
Dungeon (4/15)
 Temple: D:4-7

Altars:
Cheibriados

Shops:
D:1 ?


Innate Abilities, Weirdness & Mutations

((You are very nimble when in or above water. (Stealth+, EV+, Speed+++)))
Your lower body shifts to a powerful aquatic tail in water.


Message History

The scorpion is lightly wounded.
You feel sick. The scorpion barely misses you.
The gnoll hits you with a +0 spear. The scorpion stings you.
You hit the scorpion.
The scorpion is moderately wounded.
The frozen ramparts melt away.
You feel sick. The scorpion stings you.
* * * LOW HITPOINT WARNING * * *
The gnoll hits you with a +0 spear.
* * * LOW HITPOINT WARNING * * *
Unknown command.
You feel much better.
You feel sick. The scorpion stings you.
You are more poisoned.
The scorpion poisons you! The gnoll hits you with a +0 spear.
Unknown command.
You hit the scorpion but do no damage.
The scorpion is moderately wounded.
You feel very sick. The scorpion barely misses you.
The gnoll barely misses you. The scorpion misses you.
Unknown command.
You hit the scorpion but do no damage.
The scorpion is moderately wounded.
You feel sick. The gnoll hits you but does no damage. The scorpion stings you.
* * * LOW HITPOINT WARNING * * *
You barely miss the scorpion.
The scorpion is moderately wounded.
You feel sick. The scorpion closely misses you.
The gnoll hits you with a +0 spear!
* * * LOW HITPOINT WARNING * * *
Unknown command.
It was a potion of attraction.
You feel attractive to monsters.
* * * LOW HITPOINT WARNING * * *
You feel sick. The scorpion barely misses you. The gnoll misses you.
It was a potion of degeneration.
There was something very wrong with that liquid.
You feel weakened.
You feel dopey.
You feel clumsy.
* * * LOW HITPOINT WARNING * * *
You feel sick. The scorpion stings you.
You die...

#..........# ..
###.........##...
###...............
#............#...
..##.###>#.#
###.$.......###.#
#..#........
#.............###...........
#.......#...................
#.....####)gs..#............
##......#.)@...#............
#.........#................
#..#....###................
#####...##.....###.........
#...>.#..#### ##.#......
#..g..#..# ##.##...## .
#...## #).#....# #...#
##.......# #..## #........#


You could see a scorpion and a gnoll.

Vanquished Creatures
  3 orc priests (D:3)
  An orc wizard (D:3)
  A sleepcap (D:4)
  7 adders
  6 gnolls
  A worm (D:4)
  2 dart slugs (D:2)
  6 orcs
  5 bats
  3 endoplasms
  5 giant cockroaches
  5 goblins
  5 hobgoblins
  5 jackals
  3 quokkas
  8 ball pythons
  5 frilled lizards (D:2)
  5 kobolds
  2 rats
78 creatures vanquished.

Notes
Turn   | Place    | Note
-------+----------+-------------------------------------------
     0 | D:1      | safid the Merfolk Ice Elementalist began the quest for the
                  | Orb.
     0 | D:1      | Reached XP level 1. HP: 13/13 MP: 3/3
   249 | D:1      | Reached XP level 2. HP: 19/20 MP: 5/5
   329 | D:1      | Reached skill level 1 in Fighting
   620 | D:1      | Found Yboiroi's Magic Scroll Boutique.
   640 | D:1      | Bought a scroll of identify for 22 gold pieces
   640 | D:1      | Bought a scroll of identify for 22 gold pieces
   640 | D:1      | Bought a scroll of identify for 22 gold pieces
   902 | D:2      | Reached XP level 3. HP: 19/26 MP: 1/6
   911 | D:2      | Learned a level 3 spell: Frozen Ramparts
   975 | D:2      | Found a snail-covered altar of Cheibriados.
  1750 | D:1      | Bought a scroll of fear for 44 gold pieces
  1750 | D:1      | Bought a scroll of noise for 11 gold pieces
  1833 | D:3      | Reached skill level 5 in Ice Magic
  1833 | D:3      | Reached XP level 4. HP: 26/33 MP: 4/8
  1851 | D:3      | Reached XP level 5. HP: 31/39 MP: 0/9
  2689 | D:3      | Reached XP level 6. HP: 47/47 MP: 11/11
  2924 | D:3      | Learned a level 3 spell: Ozocubu's Armour
  3030 | D:4      | Learned a level 2 spell: Blink
  3435 | D:4      | HP: 2/48 [poisoned by a scorpion]
  3435 | D:4      | Slain by a scorpion

Illustrated notes

Levels and vault maps discovered:
D:1:      dpeg_arrival_three_smaller_balls, layout_rooms, serial_shops,
          nicolae_shop_getting_attention
D:2:      layout_basic, basic_altar
D:3:      layout_basic, grunt_ministairs_12, minmay_randomly_rotated_circles
D:4:      layout_cave_pools

Skill      XL: |  1  2  3  4  5  6 |
---------------+-------------------+-----
Fighting       | 1 2 3 |  3.7
Ice Magic      | 5 |  5.9
Spellcasting   | 3 |  3.8
Dodging        | 3 |  3.0
Stealth        | |  2.1
Translocations | |  0.3

Action                     |  1- 3 |  4- 6 || total
---------------------------+-------+-------++-------
  Melee: Club              |    15 |       ||    15
         Unarmed           |     6 |       ||     6
         Dagger            |    24 |    29 ||    53
         Whip              |       |    47 ||    47
   Cast: Freeze            |    40 |    12 ||    52
         Frozen Ramparts   |       |     6 ||     6
         Ozocubu's Armour  |       |     2 ||     2
    Use: Potion            |       |     5 ||     5
   Stab: Sleeping          |     3 |     6 ||     9
 Armour: Robe              |    23 |    13 ||    36
  Dodge: Dodged            |    55 |    68 ||   123
